 Dungeon Crawl Stone Soup version 0.27-a0-1188-g73eefd5def (webtiles) character file.

Game seed: 11174014522276830606

315 DasRunzen the Slasher (level 5, -3/45 HPs)
             Began as a Demigod Gladiator on May 21, 2021.
             Slain by a gnoll shaman
             ... wielding a +0 club
              (6 damage)
             ... on level 3 of the Dungeon.
             The game lasted 00:08:12 (4329 turns).

DasRunzen the Slasher (Demigod Gladiator)           Turns: 4329, Time: 00:08:13

Health: -3/45      AC:  5    Str: 15    XL:     5   Next: 99%
Magic:  10/10      EV: 13    Int: 14    God:
Gold:   159        SH:  0    Dex: 15    Spells: 8/8 levels left

rFire    . . .     SeeInvis .   a - +0 long sword
rCold    . . .     Faith    .   (no shield)
rNeg     . . .     Spirit   .   b - +0 leather armour
rPois    .         Reflect  .   c - +0 helmet
rElec    .         Harm     .   e - +0 cloak
rCorr    .         Rampage  .   (no gloves)
Will     .....                  (no boots)
Stlth    +.........             (no amulet)
HPRegen  0.15/turn              (no ring)
MPRegen  0.12/turn              (no ring)

@: no status effects
A: high mp 1, forlorn
a: no special abilities


You were on level 3 of the Dungeon.
You visited 1 branch of the dungeon, and saw 3 of its levels.

You collected 159 gold pieces.

Inventory:

Hand Weapons
 a - a +0 long sword (weapon)
 k - a +3 hunting sling
Missiles
 d - 3 throwing nets (quivered)
 g - 2 atropa-tipped darts
 l - 73 stones
Armour
 b - a +0 leather armour (worn)
 c - a +0 helmet (worn)
 e - a +0 cloak (worn)
Wands
 h - a wand of charming (3)
 j - a wand of iceblast (8)
 o - a wand of mindburst (22)
Scrolls
 m - a scroll of teleportation
Potions
 f - a potion of cancellation {unknown}
 i - a potion of lignification {unknown}
 n - a potion of flight {unknown}
 p - a potion of degeneration {unknown}


   Skills:
 + Level 3.1 Fighting
 + Level 3.7 Long Blades
 - Level 1.7 Throwing
 + Level 2.2 Armour
 + Level 3.6 Dodging
 + Level 2.0 Spellcasting


You had 8 spell levels left.
You didn't know any spells.
Your spell library contained the following spells:

 Spells                   Type           Power      Damage    Failure   Level
 Corona                   Hex            1%         N/A       28%         1
 Summon Small Mammal      Summ           4%         N/A       28%         1
 Call Imp                 Summ           1%         N/A       41%         2
 Ensorcelled Hibernation  Hex/Ice        2%         N/A       41%         2
 Call Canine Familiar     Summ           1%         N/A       65%         3
 Confusing Touch          Hex            1%         N/A       65%         3
 Dazzling Flash           Conj/Hex       2%         N/A       65%         3
 Summon Guardian Golem    Hex/Summ       1%         N/A       65%         3
 Tukima's Dance           Hex            1%         N/A       65%         3
 Summon Ice Beast         Ice/Summ       1%         N/A       96%         4
 Summon Lightning Spire   Summ/Air       1%         N/A       96%         4


Dungeon Overview and Level Annotations

Branches:
Dungeon (3/15)

Shops:
D:2 [


Innate Abilities, Weirdness & Mutations

Your attributes grow dramatically as you level up.
You have an increased reservoir of magic. (+10% MP)
You shall have no god before yourself.


Message History

The gnoll shaman is heavily wounded.
The gnoll shaman mumbles some strange prayers to its god.
The gnoll shaman is healed somewhat.
The gnoll hits you with a +0 club!
You hit the gnoll shaman.
The gnoll shaman is moderately wounded.
The gnoll shaman closely misses you. The gnoll hits you with a +0 club.
The gnoll shaman hits you with a +0 club.
You hit the gnoll shaman but do no damage.
The gnoll shaman is moderately wounded.
The gnoll hits you with a +0 club.
The gnoll shaman hits you with a +0 club.
The gnoll shaman hits the plant with a +0 club!
The plant begins to die.
You see here a stone.
You barely miss the gnoll. The gnoll barely misses you.
You riposte.
You barely miss the gnoll.
The gnoll shaman hits the plant with a +0 club.
You barely miss the gnoll. The gnoll closely misses you.
You hit the gnoll shaman but do no damage.
The gnoll shaman is moderately wounded.
The gnoll hits the plant with a +0 club!
You barely miss the gnoll shaman.
The gnoll shaman is moderately wounded.
A nearby plant withers and dies.
The gnoll shaman barely misses you.
You hit the gnoll shaman.
The gnoll shaman is heavily wounded.
The gnoll hits you with a +0 club.
The gnoll shaman hits you with a +0 club!
* * * LOW HITPOINT WARNING * * *
You are too injured to fight recklessly!
Unknown command.
You are too injured to fight recklessly!
You hit the gnoll shaman but do no damage.
The gnoll shaman is heavily wounded.
The gnoll hits you but does no damage.
The gnoll shaman hits you with a +0 club.
* * * LOW HITPOINT WARNING * * *
Unknown command.
The gnoll shaman hits you with a +0 club.
You die...

#########################'
.......)..................
≈≈≈≈≈≈≈≈≈≈≈≈≈≈≈≈≈≈≈≈≈≈≈(≈≈
≈≈≈≈≈≈≈≈≈≈≈≈≈≈≈≈≈≈≈≈≈≈≈(≈≈
≈≈≈≈≈≈≈≈≈≈≈≈≈≈≈≈≈≈≈≈≈≈(≈≈≈
.................g...(....
................@(g.(.....
##########################


You could see a gnoll shaman and a gnoll.

Vanquished Creatures
  3 howler monkeys (D:3)
  A hound (D:3)
  2 adders (D:2)
  4 gnolls (D:3)
  A worm (D:3)
  2 dart slugs
  3 orcs (D:3)
  4 ball pythons
  4 endoplasms
  5 goblins
  5 hobgoblins
  31 jackals
  13 kobolds
  A quokka (D:1)
  6 bats
  5 frilled lizards
  4 rats (D:1)
94 creatures vanquished.

Vanquished Creatures (others)
  16 plants
16 creatures vanquished.

Grand Total: 110 creatures vanquished

Notes
Turn   | Place    | Note
-------+----------+-------------------------------------------
     0 | D:1      | DasRunzen the Demigod Gladiator began the quest for the
                  | Orb.
     0 | D:1      | Reached XP level 1. HP: 17/17 MP: 3/3
   250 | D:1      | Reached XP level 2. HP: 24/24 MP: 4/4
   563 | D:1      | Reached XP level 3. HP: 25/29 MP: 6/6
  1096 | D:1      | Reached skill level 1 in Armour
  1699 | D:2      | Reached skill level 1 in Spellcasting
  2056 | D:2      | Reached XP level 4. HP: 29/37 MP: 8/8
  2981 | D:2      | Found Zingan's Antique Armour Emporium.
  3963 | D:3      | Reached XP level 5. HP: 38/42 MP: 8/10
  4329 | D:3      | Slain by a gnoll shaman

Illustrated notes

Levels and vault maps discovered:
D:1:      psy_arrival_whirlpool, layout_loops_corners,
          ebering_ecumenical_altar_mist, serial_aquarium, aquarium_bridge_square
          [aquarium_subvault_wall, aquarium_subvault_bridge,
          aquarium_subvault_balcony, aquarium_subvault_bridge],
          aquarium_bridge_square [aquarium_subvault_window,
          aquarium_subvault_bridge, aquarium_subvault_wall,
          aquarium_subvault_wall], aquarium_window_2, aquarium_window_2,
          aquarium_window_corridor_1, aquarium_window_fake, aquarium_view_2a,
          aquarium_pool_four, lexackson_kobold_supper
D:2:      layout_loops_ring, serial_forest, infiniplex_forest_clump_small,
          infiniplex_forest_corner_1, infiniplex_forest_zigzag_1,
          infiniplex_forest_straight_3, infiniplex_forest_end_2,
          infiniplex_forest_straight_1, infiniplex_forest_lined_4_way,
          infiniplex_forest_straight_2, serial_shops, nicolae_shop_behind_doors,
          minmay_randomly_rotated_circles
D:3:      lemuel_castle_with_subvaults [lemuel_castle_interior_carwin_1],
          layout_basic, lemuel_round_altar

Skill      XL: |  1  2  3  4  5 |
---------------+----------------+-----
Fighting       | 2 3 |  3.1
Long Blades    | 3 |  3.7
Dodging        | 3 |  3.6
Armour         | 1 2 |  2.2
Spellcasting   | 1 2 |  2.0
Throwing       | |  1.7

Action                   |  1- 3 |  4- 6 || total
-------------------------+-------+-------++-------
Melee: Long sword        |   163 |    71 ||   234
 Fire: Hunting sling     |       |    71 ||    71
  Use: Scroll            |       |     2 ||     2
Armor: Leather armour    |    59 |    27 ||    86
Dodge: Dodged            |   120 |    67 ||   187
       Rpst.: Long sword |    37 |    22 ||    59

Table legend: (Time is in decaauts)
 A = Elapsed time spent in this place.
 B = Non-inter-level travel time spent in this place.
 C = Inter-level travel time spent in this place.
 D = Time resting spent in this place.
 E = Time spent auto-exploring this place.
 F = Levels seen in this place.
 G = Mean time per level.
                   A        B        C        D        E       F      G
               +--------+--------+--------+--------+--------+-----+--------+
         Total |   4398 |   4214 |    184 |    456 |   3062 |   3 | 1466.0 |
       Dungeon |   4398 |   4214 |    184 |    456 |   3062 |   3 | 1466.0 |
               +--------+--------+--------+--------+--------+-----+--------+

Top non-repeatable levels by time:
     D:1: 1933 daAuts
     D:3: 1313 daAuts
     D:2: 1150 daAuts
